 Dungeon Crawl Stone Soup version 0.25-a0-156-g0c4bda3fdf (webtiles) character file.

Game seed: 545888584579291458, levelgen mode: deterministic

247 Leeroy the Slasher (level 5, -6/41 HPs)
             Began as a Draconian Skald on Nov 20, 2019.
             Mangled by an ogre
             ... wielding a +0 giant club
              (10 damage)
             ... on level 4 of the Dungeon.
             The game lasted 00:08:44 (3719 turns).

Leeroy the Slasher (Draconian Skald)                Turns: 3719, Time: 00:08:45

Health: -6/41      AC:  5    Str: 14    XL:     5   Next: 85%
Magic:  6/8        EV: 12    Int: 13    God:
Gold:   251        SH:  0    Dex: 11    Spells: 1/8 levels left

rFire    . . .     SeeInvis .   a - +0 falchion
rCold    . . .     Gourm    .   (no shield)
rNeg     . . .     Faith    .   (armour unavailable)
rPois    .         Spirit   .   (helmet restricted)
rElec    .         Reflect  .   (no cloak)
rCorr    .         Harm     .   (no gloves)
MR       .....                  (no boots)
Stlth    +.........             d - amulet of the acrobat
HPRegen  0.13/turn              (no ring)
MPRegen  0.11/turn              (no ring)

@: no status effects
A: unfitting armour, cold-blooded, AC +5
a: no special abilities


You were on level 4 of the Dungeon.
You were hungry.

You visited 1 branch of the dungeon, and saw 4 of its levels.

You collected 251 gold pieces.

Inventory:

Hand Weapons
 a - a +0 falchion (weapon)
 f - a +0 dagger
 k - a +4 hand axe
Missiles
 l - 8 atropa-tipped darts (quivered)
 m - 17 poisoned darts
Jewellery
 d - an amulet of the acrobat (around neck)
 n - an uncursed ring of protection from fire {unknown}
Wands
 s - a wand of random effects (29)
Scrolls
 b - a scroll of noise {unknown}
 i - a scroll of random uselessness {unknown}
 p - a scroll of teleportation {unknown}
 u - a scroll of amnesia {unknown}
Potions
 e - 2 potions of magic {unknown}
 g - a potion of ambrosia {unknown}
 h - a potion of berserk rage {unknown}
 j - a potion of agility {unknown}
 o - a potion of flight {unknown}
 q - a potion of cancellation {unknown}
 r - a potion of brilliance {unknown}
Comestibles
 c - 7 rations


   Skills:
 - Level 2.1 Fighting
 - Level 6.0 Long Blades
 - Level 2.1 Dodging
 - Level 2.0 Spellcasting
 + Level 0.2 Hexes
 + Level 3.0 Charms


You had one spell level left.
You knew the following spells:

 Your Spells              Type           Power        Failure   Level  Hunger
a - Infusion              Chrm           #...         8%          1    ##.....
b - Spectral Weapon       Hex/Chrm       #.......     36%         3    ####...
c - Regeneration          Chrm/Necr      #.........   38%         3    ####...

Your spell library contained the following spells:

 Spells                   Type           Power        Failure   Level  Hunger
 Song of Slaying          Chrm           #.......     11%         2    ###....
 Shroud of Golubria       Chrm/Tloc      #.....       21%         2    ###....


Dungeon Overview and Level Annotations

Branches:
Dungeon (4/15)
 Temple: D:4-7

Altars:
Gozag
Nemelex Xobeh
Trog
Yredelemnul


Innate Abilities, Weirdness & Mutations

Your plain brown scales are hard. (AC +5)
You cannot fit into any form of body armour.
You are cold-blooded and may be slowed by cold attacks.


Message History

Your Charms skill increases to level 3!
There is a stone staircase leading up here.
You hit the ogre.
The ogre is moderately wounded.
Your spectral weapon hits the ogre.
The ogre hits you with a +0 giant club!!
Ouch! That really hurt!
You hit the ogre but do no damage.
The ogre is heavily wounded.
Your spectral weapon hits the ogre.
You strike the helpless ogre from behind!
You hit the ogre.
The ogre is almost dead.
Your spectral weapon completely misses the ogre.
The ogre hits you with a +0 giant club!
* * * LOW HITPOINT WARNING * * *
You hit the ogre but do no damage.
The ogre is almost dead.
Your spectral weapon hits the ogre.
The ogre hits you with a +0 giant club!
You die...

#. ...# #.
...## #..
#... #..
'..#
#..#+#..#
#......#
#...O###
#.(@..#
#.........#
#..()...###
#...###.#
#...# ...
##### .$..
.... ....


You could see an ogre and a friendly spectral +0 falchion.

Vanquished Creatures
  An orc priest (D:3)
  A worker ant (D:4)
  7 adders
  3 gnolls (D:3)
  2 oozes
  2 worms
  4 leopard geckos
  3 orcs
  A giant cockroach (D:2)
  11 goblins
  12 hobgoblins
  7 jackals (D:3)
  A quokka (D:2)
  7 bats
  5 frilled lizards
  6 kobolds
  11 rats
84 creatures vanquished.

Notes
Turn   | Place    | Note
-------+----------+-------------------------------------------
     0 | D:1      | Leeroy the Draconian Skald began the quest for the Orb.
     0 | D:1      | Reached XP level 1. HP: 17/17 MP: 3/3
     2 | D:1      | Noticed a troll
     2 | D:1      | Noticed a demonspawn
     4 | D:1      | Noticed a minotaur
     4 | D:1      | Noticed a naga
     6 | D:1      | Noticed a tengu
     6 | D:1      | Noticed an ogre
     8 | D:1      | Noticed a dwarf
     8 | D:1      | Noticed a halfling
    10 | D:1      | Noticed an octopode
    12 | D:1      | Noticed a spriggan
    12 | D:1      | Noticed a ghoul
    15 | D:1      | Noticed a draconian
    15 | D:1      | Noticed a human
    17 | D:1      | Noticed an elf
    17 | D:1      | Noticed a gargoyle
    19 | D:1      | Noticed a felid
    19 | D:1      | Noticed a merfolk
    21 | D:1      | Noticed a vampire
    23 | D:1      | Noticed a centaur
    23 | D:1      | Noticed a formicid
    25 | D:1      | Noticed a vine stalker
    27 | D:1      | Noticed a demigod
   142 | D:1      | Reached XP level 2. HP: 6/24 MP: 0/5
   497 | D:1      | Reached skill level 3 in Long Blades
   877 | D:1      | Reached XP level 3. HP: 20/29 MP: 6/6
  1529 | D:2      | Reached skill level 4 in Long Blades
  1541 | D:2      | Found a basalt altar of Yredelemnul.
  1957 | D:2      | Reached XP level 4. HP: 24/36 MP: 7/7
  2227 | D:2      | You fall into a shaft and drop 1 floor!
  2490 | D:2      | Noticed a moth of wrath
  2493 | D:2      | Found a bloodstained altar of Trog.
  2724 | D:3      | Reached skill level 5 in Long Blades
  2759 | D:3      | Reached XP level 5. HP: 35/41 MP: 8/8
  3022 | D:3      | Found a faded altar of an unknown god.
  3348 | D:3      | Found a sparkling altar of Nemelex Xobeh.
  3510 | D:3      | Reached skill level 6 in Long Blades
  3515 | D:3      | Learned a level 3 spell: Spectral Weapon
  3519 | D:3      | Learned a level 3 spell: Regeneration
  3580 | D:3      | Found an opulent altar of Gozag.
  3709 | D:4      | Noticed an ogre
  3719 | D:4      | Mangled by an ogre

Levels and vault maps discovered:
D:1:      kb_arrival_jail, layout_basic
D:2:      layout_loops_corners, yredelemnul_altar_generic, tgw_trog,
          dk_vineyard_2
D:3:      layout_rooms, grunt_gozag_statues, lemuel_round_altar,
          chequers_ecumenical_altar_island, minivault_14
D:4:      layout_basic, overflow_temple_1_default, first_ration, serial_shops,
          shop, nicolae_shop_behind_doors, shop_statue, kennysheep_mini_moat,
          gammafunk_ghost_grave, nicolae_tso_besieged_by_evil, uniq_ijyb,
          uniq_sigmund

Skill      XL: |  1  2  3  4  5 |
---------------+----------------+-----
Long Blades    | 3 4 5 6 |  6.0
Charms         | 3 |  3.0
Fighting       | |  2.1
Dodging        | |  2.1
Spellcasting   | |  2.0
Hexes          | |  0.2

Action                   |  1- 3 |  4- 6 || total
-------------------------+-------+-------++-------
Melee: Falchion          |   119 |   151 ||   270
       Tailslap          |    14 |    25 ||    39
 Cast: Infusion          |     1 |     2 ||     3
       Spectral Weapon   |       |     1 ||     1
  Use: Potion            |     1 |       ||     1
 Stab: Distracted        |       |     1 ||     1
  Eat: Chunk             |     3 |     6 ||     9
Armor: Skin              |    47 |    66 ||   113
Dodge: Dodged            |   194 |   291 ||   485
       Rpst.: Falchion   |    57 |    75 ||   132

Table legend:
 A = Non-vault XP
 B = Vault XP
 C = Vault XP percentage of total XP
 D = Non-vault monster count
 E = Vault monster count
 F = Vault count percentage of total count
                 A         B        C        D         E       F
            +---------+---------+-------+---------+---------+-------
      Total |     349 |       5 |   1.4 |      79 |       5 |   6.0
            +---------+---------+-------+---------+---------+-------
        D:1 |      45 |       0 |   0.0 |      27 |       0 |   0.0
        D:2 |      95 |       5 |   5.0 |      23 |       5 |  17.9
        D:3 |     175 |       0 |   0.0 |      28 |       0 |   0.0
        D:4 |      34 |       0 |   0.0 |       1 |       0 |   0.0
            +---------+---------+-------+---------+---------+-------
